 Dungeon Crawl Stone Soup version 0.25.1-2-g60ff931df9 (webtiles) character file.

Game seed: 483163854373003325

116 Almogavar the Ruffian (level 5, -1/42 HPs)
             Began as a Ghoul Gladiator on Aug 31, 2020.
             Killed from afar by an orc wizard (5 damage)
             ... with a puff of flame
             ... on level 2 of the Dungeon.
             The game lasted 00:06:25 (2350 turns).

Almogavar the Ruffian (Ghoul Gladiator)             Turns: 2350, Time: 00:06:26

Health: -1/42      AC: 12    Str: 19    XL:     5   Next: 1%
Magic:  4/4        EV:  8    Int:  3    God:
Gold:   98         SH:  0    Dex: 10    Spells: 4/4 levels left

rFire    . . .     SeeInvis .     - Unarmed
rCold    + . .     Gourm    .   (no shield)
rNeg     + + +     Faith    .   a - +0 chain mail
rPois    ∞         Spirit   .   b - +0 helmet
rElec    .         Reflect  .   m - +0 cloak {rCorr}
rCorr    +         Harm     .   h - +1 pair of gloves
MR       .....                  (no boots)
Stlth    ..........             (no amulet)
HPRegen  0.00/turn              (no ring)
MPRegen  0.09/turn              (no ring)

@: rotting
A: rotting body, claws 1, carnivore, cold resistance 1, negative energy
resistance 3, inhibited regeneration, torment resistance, unbreathing
a: no special abilities


You were on level 2 of the Dungeon.
You were not hungry.

You visited 1 branch of the dungeon, and saw 3 of its levels.

You collected 98 gold pieces.

Inventory:

Missiles
 c - 3 throwing nets (quivered)
Armour
 a - a +0 chain mail (worn)
 b - a +0 helmet (worn)
 h - a +1 pair of gloves (worn)
 m - a +0 cloak of preservation (worn)
Scrolls
 i - 2 scrolls of remove curse {unknown}
 j - a scroll of enchant armour {unknown}
 k - a scroll of identify {unknown}
 n - a scroll of fog {unknown}
Potions
 e - a potion of berserk rage {unknown}
 f - a potion of heal wounds {unknown}
 l - a potion of brilliance {unknown}
Comestibles
 d - 3 rations
 g - a chunk of flesh


   Skills:
 + Level 2.7 Fighting
 + Level 1.8 Throwing
 + Level 1.4 Armour
 + Level 3.5 Dodging
 + Level 0.3 Stealth
 + Level 4.5 Unarmed Combat


You had 4 spell levels left.
You didn't know any spells.
Your spell library was empty.

Dungeon Overview and Level Annotations

Branches:
Dungeon (3/15)

Altars:
Cheibriados
Ru


Innate Abilities, Weirdness & Mutations

Your body is rotting away.
You thrive on raw meat.
You are immune to poison.
You have sharp fingernails.
You are carnivorous and can eat meat at any time.
Your flesh is cold resistant. (rC+)
You are immune to negative energy. (rN+++)
You do not regenerate when monsters are visible.
You are immune to unholy pain and torment.
You can survive without breathing.


Message History

The puff of flame hits you!
* * * LOW HITPOINT WARNING * * *
A magic dart appears from out of thin air!
The magic dart hits you.
* * * LOW HITPOINT WARNING * * *
There is a stone staircase leading up here.
Something hits you but does no damage. x2
You climb upwards.
Reactivating autopickup.
There is a stone staircase leading down here.
Something hits you but does no damage.
Deactivating autopickup; reactivate with Ctrl-A.
There is a stone staircase leading down here.
Something hits you but does no damage.
You closely miss something. Something hits you but does no damage.
You closely miss something.
You hear some strange, mumbled words.
A puff of flame appears from out of thin air!
The puff of flame hits you.
You die...

#.# #.# #.# #.#.# # ..#
##.###.# #.#.# ##
#.###########...##.# #.#.#
#.
#................#.###.#.#
#.
#############....#.#...#.#
####≈ ##.#.#.#.###.# #....
# #..>........# #.##≈ #
###{#.#.##### #.##. #
#@#.#.# #.##. # #.#.#.#
#.### # #.#.#.# #.# # #
#.#.#.# #.# # # #.#.#.#
######.### # #.#.#.#
#......... #
#.#[#.###.####...) #
#.#.#.....# ####. #
#.#.####### #.


There were no monsters in sight!

Vanquished Creatures
  Crazy Yiuf (D:2)
  4 adders
  2 worms
  2 dart slugs (D:1)
  An orc (D:3)
  6 bats (D:1)
  A giant cockroach (D:1)
  5 goblins
  6 hobgoblins
  7 kobolds
  A ball python (D:1)
  2 frilled lizards (D:1)
  5 rats
43 creatures vanquished.

Notes
Turn   | Place    | Note
-------+----------+-------------------------------------------
     0 | D:1      | Almogavar the Ghoul Gladiator began the quest for the Orb.
     0 | D:1      | Reached XP level 1. HP: 17/17 MP: 0/0
   123 | D:1      | Reached XP level 2. HP: 20/24 MP: 1/1
   669 | D:1      | Reached XP level 3. HP: 28/30 MP: 2/2
  1054 | D:2      | Reached skill level 4 in Unarmed Combat
  1150 | D:2      | Found a runed translucent door.
  1151 | D:2      | Noticed Crazy Yiuf
  1555 | D:2      | Reached XP level 4. HP: 36/36 MP: 3/3
  1892 | D:2      | Reached skill level 1 in Armour
  1928 | D:2      | Found a snail-covered altar of Cheibriados.
  2131 | D:2      | Found a sacrificial altar of Ru.
  2185 | D:2      | Killed Crazy Yiuf
  2324 | D:3      | Reached XP level 5. HP: 42/42 MP: 4/4
  2350 | D:2      | Killed from afar by an orc wizard

Illustrated notes

Levels and vault maps discovered:
D:1:      dpeg_arrival_round_b, layout_basic
D:2:      layout_loops_ring, nicolae_ru_path_of_blood, lemuel_round_altar,
          first_ration, uniq_crazy_yiuf_cottage
D:3:      layout_basic, grunt_gozag_breadcrumbs, gammafunk_ghost_split

Skill      XL: |  1  2  3  4 |
---------------+-------------+-----
Dodging        | 3 |  3.5
Unarmed Combat | 4 |  4.5
Armour         | 1 |  1.4
Fighting       | |  2.7
Throwing       | |  1.8
Stealth        | |  0.3

Action                   |  1- 3 |  4- 6 || total
-------------------------+-------+-------++-------
Melee: Unarmed           |   129 |    65 ||   194
       Punch             |     3 |       ||     3
  Eat: Chunk             |     5 |     1 ||     6
Armor: Leather armour    |    43 |       ||    43
       Ring mail         |    17 |     1 ||    18
       Chain mail        |       |    28 ||    28
Dodge: Dodged            |    90 |    14 ||   104
